 Seeded DCSS version 0.30-a0-374-g95c0257040 (webtiles) character file.

Game seed: 10436403297772128724 (custom seed)

29684 purpskrrrp the Crack Shot (level 13, -6/74 HPs)
             Began as a Deep Elf Hunter on Nov 26, 2022.
             Was a High Priest of Dithmenos.
             Mangled by a skeletal warrior
             ... wielding a +0 dire flail
              (19 damage)
             ... on level 13 of the Dungeon.
             The game lasted 00:38:59 (13032 turns).

purpskrrrp the Crack Shot (Deep Elf Hunter)        Turns: 13032, Time: 00:38:59

Health: -6/74      AC: 12    Str: 17    XL:     13   Next: 16%
Magic:  16/16      EV: 23    Int: 16    God:    Dithmenos [*****.]
Gold:   616        SH:  0    Dex: 34    Spells: 12/12 levels left

rFire   . . .      SeeInvis .    k - +6 arbalest "Killer Klown's Doom" {freeze, Str+3}
rCold   . . .      Faith    .    (shield currently unavailable)
rNeg    . . .      Spirit   .    D - +2 ring mail of the Sunfish {Dex+2}
rPois   +          Reflect  .    f - +1 helmet
rElec   .          Harm     .    m - +0 cloak
rCorr   .          Rampage  .    T - +1 pair of gloves of Plog {Dex+4 Stlth+}
Will    ++...                    (no boots)
Stlth   +++.......               O - amulet of the acrobat
HPRegen 0.32/turn                t - +6 ring of dexterity
MPRegen 0.15/turn                I - +6 ring of strength

@: confused, ambrosia-drunk, wreathed by umbra
A: talons 1, strong-willed 1, poison resistance
a: Renounce Religion, Shadow Step, Shadow Form


You were on level 13 of the Dungeon.
You worshipped Dithmenos.
Dithmenos was extremely pleased with you.
You visited 3 branches of the dungeon, and saw 15 of its levels.
You also visited: Ossuary and Gauntlet.

You collected 825 gold pieces.
You spent 209 gold pieces at shops.

Inventory:

Hand Weapons
 a - a +1 shortbow of flaming
 k - the +6 arbalest "Killer Klown's Doom" (weapon) {freeze, Str+3}
   (You found it on level 2 of the Dungeon)

   Any ammunition fired from it freezes those it strikes, dealing additional
   cold damage.
   It can also slow down cold-blooded creatures.
   Str:       It affects your strength (+3).
 x - a +4 war axe
 S - a +0 longbow of electrocution
Missiles
 G - 2 throwing nets
Armour
 c - a +2 leather armour
 f - a +1 helmet (worn)
 m - a +0 cloak (worn)
 s - a +0 pair of gloves
 D - the +2 ring mail of the Sunfish (worn) {Dex+2}
   (You found it on level 6 of the Dungeon)

   Dex:       It affects your dexterity (+2).
 R - a +0 crystal plate armour
 T - the +1 pair of gloves of Plog (worn) {Dex+4 Stlth+}
   (You bought it in a shop on level 12 of the Dungeon)

   Dex:       It affects your dexterity (+4).
   Stlth:     It makes you more stealthy.
Jewellery
 g - a ring of ice
 n - a ring of positive energy
 t - a +6 ring of dexterity (left hand)
 H - a ring of protection from cold
 I - a +6 ring of strength (right hand)
 K - an amulet of guardian spirit
 M - the ring of Geamiarr {Str+2 Int+6}
   (You found it in a Gauntlet)

   [ring of intelligence]

   Str:       It affects your strength (+2).
   Int:       It affects your intelligence (+6).
 O - an amulet of the acrobat (around neck)
Wands
 h - a wand of paralysis (12)
 l - a wand of digging (2)
 o - a wand of light (5)
 q - a wand of iceblast (17)
 A - a wand of flame (6)
 P - a wand of mindburst (5)
 Q - a wand of polymorph (4)
Scrolls
 b - a scroll of immolation
 v - 2 scrolls of amnesia
 y - 4 scrolls of teleportation
 J - a scroll of identify
Potions
 d - 2 potions of flight
 e - 4 potions of degeneration
 i - 6 potions of curing
 j - 3 potions of invisibility
 p - a potion of magic {unknown}
 r - 4 potions of might
 u - 4 potions of lignification
 w - a potion of attraction {unknown}
 z - 2 potions of resistance
 B - a potion of brilliance {unknown}
 C - a potion of ambrosia
 E - 3 potions of mutation
 F - 2 potions of cancellation
Miscellaneous
 N - a phantom mirror


   Skills:
 - Level 5.9 Fighting
 * Level 23.4 Ranged Weapons
 + Level 11.2 Dodging
 + Level 8.1 Stealth
 + Level 2.0 Invocations


You had 12 spell levels left.
You didn't know any spells.
Your spell library contained the following spells:

 Spells                   Type           Power      Damage    Failure   Level
 Apportation              Tloc           0%         N/A       43%         1
 Freeze                   Ice            0%         1d3       43%         1
 Necrotise                Necr           0%         1d4       43%         1
 Sting                    Tmut/Pois      0%         1d3       43%         1
 Summon Small Mammal      Summ           0%         N/A       43%         1
 Poisonous Vapours        Pois/Air       0%         N/A       56%         2
 Frozen Ramparts          Ice            0%         1d1       80%         3
 Hailstorm                Conj/Ice       0%         3d3       80%         3
 Leda's Liquefaction      Hex/Erth       0%         N/A       99%         4
 Olgreb's Toxic Radiance  Pois           0%         N/A       99%         4
 Lee's Rapid Deconstruct  Erth           0%         3d4*      100%        5
 Statue Form              Tmut/Erth      0%         N/A       100%        6


Dungeon Overview and Level Annotations

Branches:
Dungeon (13/15)            Temple (1/1) D:7            Lair (1/5) D:8
    Orc (0/2) D:11        Ossuary (visited)         Gauntlet (visited)
 Vaults: D:13-14

Altars:
Ashenzari
Cheibriados
Dithmenos
Elyvilon
Fedhas
Gozag
Hepliaklqana
Kikubaaqudgha
Makhleb
Nemelex Xobeh
Okawaru
Qazlal
Ru
Sif Muna
Trog
Uskayaw
Vehumet
Wu Jian
Xom
Yredelemnul
Zin
The Shining One

Shops:
D:11 ?   D:12 *

Annotations:
D:3 3 runed translucent doors, Uniporpoise's ghost, amateur DsFi
D:5 1 runed translucent door, Crazy Yiuf


Innate Abilities, Weirdness & Mutations

You have sharp toenails.
You are strong-willed. (Will+)
Your system is resistant to poisons. (rPois)


Message History

The skeletal warrior hits you with a +0 long sword!!
The skeletal warrior hits you with a +0 hand axe!
You shoot a bolt. The bolt hits the skeletal warrior!
The bolt freezes the skeletal warrior.
The skeletal warrior is heavily damaged.
The skeletal warrior hits you with a +0 hand axe!
The skeletal warrior misses you.
The skeletal warrior hits you with a +0 long sword!
* * * LOW HITPOINT WARNING * * *
A skeletal warrior comes into view. It is wielding a +0 dire flail.
The skeletal warrior hits you but does no damage.
You are too injured to fight recklessly!
You are too injured to fight recklessly!
You are too injured to fight recklessly!
You are too injured to fight recklessly!
You are too injured to fight recklessly!
You are too injured to fight recklessly!
You are too injured to fight recklessly!
You are too injured to fight recklessly!
You are too injured to fight recklessly!
You are too injured to fight recklessly!
You are too injured to fight recklessly!
You are too injured to fight recklessly!
You are too injured to fight recklessly!
You are too injured to fight recklessly!
You are too injured to fight recklessly!
You are too injured to fight recklessly!
Okay, then.
Okay, then.
Aiming: Shadow Step
Press: ? - help, Dir - move target, f - skeletal warrior, p - skeletal warrior
Aim: a skeletal warrior, wielding a +0 long sword (umbra)
You step into the skeletal warrior's shadow.
The skeletal warrior hits you with a +0 long sword.
* * * LOW HITPOINT WARNING * * *
You are confused.
You feel invigorated.
You bump into the rock wall.
The skeletal warrior hits you with a +0 dire flail!!
You die...

###...#....###
#.#.#.<....## #
#......#..#
###.#..##....~~≈≈≈~
#...#..# ###.#~≈≈≈
#.#.#..# .##~~ ~~
#.###..# .... ..
#..zzz.# #.. #~
#####@## #.#..
#)#######.#.#..# #.
#.##...........#
#.#####.##.####.#.#..#
#.......##H# #.#
#.......##J# #.#
#c......##.# #.#
#.#...#.##.# #.# #
#...#.##.####.#


You could see 3 skeletal warriors.

Vanquished Creatures
  A minotaur (Gauntlet)
  A hydra (D:10)
  A boulder beetle (D:10)
  3 centaur warriors
  An ogre mage (D:10)
  A two-headed ogre (D:12)
  A death scarab (Gauntlet)
  2 tengu warriors
  A sixfirhy (Gauntlet)
  A spectral hydra (Gauntlet)
  An orc knight (D:10)
  A cyclops (D:10)
  2 deep elf pyromancers
  Joseph (D:7)
  3 gargoyles
  Maggie (D:6)
  A kobold demonologist (D:12)
  2 unseen horrors
  A komodo dragon (D:12)
  A rime drake (D:8)
  2 ice devils (D:11)
  A polar bear (D:8)
  3 trolls
  Prince Ribbit (D:7)
  4 slime creatures
  2 large abominations (Gauntlet)
  Sigmund (D:5)
  3 shadows
  3 wyverns
  2 vampires
  2 wraiths
  A water elemental (D:13)
  A basilisk (D:10)
  10 yaks
  A vampire mosquito (D:10)
  5 small abominations (Gauntlet)
  Edmund (D:6)
  5 water moccasins
  3 acid dragons
  Duvessa (D:5)
  5 orc warriors
  7 ice beasts
  2 black bears
  2 sky beasts
  3 ogres
  2 wolves (D:8)
  8 centaurs
  An elf zombie (Ossuary)
  4 kobold brigands
  Blork the orc (D:4)
  7 bullfrogs
  4 necrophages
  A gnoll sergeant (D:9)
  A scorpion (D:4)
  3 wights (D:6)
  Dowan (D:5)
  2 howler monkeys
  5 centaur zombies (Ossuary)
  A hound (D:6)
  6 human zombies (Ossuary)
  9 orc priests
  3 iguanas
  2 gnoll boudas
  13 orc wizards
  3 mummies (Ossuary)
  8 gnolls
  4 adders
  3 shadow imps
  A white imp (D:5)
  2 ufetubi (Gauntlet)
  A worm (D:5)
  2 dart slugs (D:1)
  49 orcs
  3 endoplasms
  6 giant cockroaches
  7 goblins
  2 hobgoblins
  6 jackals
  18 kobolds
  5 quokkas
  12 ball pythons
  3 bats
  6 frilled lizards
  6 rats
319 creatures vanquished.

Vanquished Creatures (others)
  A fungus (D:9)
  A withered plant (Gauntlet)
2 creatures vanquished.

Grand Total: 321 creatures vanquished

Notes
Turn   | Place    | Note
-------+----------+-------------------------------------------
     0 | D:1      | purpskrrrp the Deep Elf Hunter began the quest for the Orb.
     0 | D:1      | Reached XP level 1. HP: 12/12 MP: 3/3
   157 | D:1      | Reached XP level 2. HP: 10/16 MP: 4/4
   385 | D:1      | Reached skill level 6 in Ranged Weapons
  1034 | D:2      | Reached XP level 3. HP: 9/20 MP: 5/5
  1340 | D:2      | You fall into a shaft and drop 1 floor!
  1412 | D:2      | Identified the +6 arbalest "Killer Klown's Doom" {freeze,
                  | Str+3}
  1613 | D:2      | Reached skill level 7 in Ranged Weapons
  2029 | D:3      | Reached XP level 4. HP: 25/25 MP: 6/6
  2064 | D:3      | Found a blossoming altar of Fedhas.
  2077 | D:3      | Found a stormy altar of Qazlal.
  2583 | D:3      | Reached skill level 8 in Ranged Weapons
  2713 | D:3      | Found a runed translucent gate.
  2713 | D:3      | Found a runed translucent gate.
  2713 | D:3      | Found a runed translucent gate.
  2714 | D:3      | Noticed Uniporpoise's ghost (amateur DsFi)
  3033 | D:4      | Found a glowing silver altar of Zin.
  3033 | D:4      | Found an ornate altar of the Wu Jian Council.
  3033 | D:4      | Found an opulent altar of Gozag.
  3033 | D:4      | Found a basalt altar of Yredelemnul.
  3040 | D:4      | Found a radiant altar of Vehumet.
  3040 | D:4      | Found a shadowy altar of Dithmenos.
  3164 | D:4      | Noticed a necrophage
  3169 | D:4      | Killed a necrophage
  3170 | D:4      | Reached XP level 5. HP: 29/29 MP: 7/7
  3218 | D:4      | Noticed Blork the orc
  3224 | D:4      | Reached skill level 9 in Ranged Weapons
  3224 | D:4      | Killed Blork the orc
  3225 | D:4      | Reached XP level 6. HP: 20/34 MP: 8/8
  3583 | D:4      | Became a worshipper of Dithmenos the Shadowed
  3618 | D:5      | Entered Level 5 of the Dungeon
  3626 | D:5      | Noticed an ice beast
  3633 | D:5      | Killed an ice beast
  3634 | D:5      | Reached skill level 10 in Ranged Weapons
  3751 | D:5      | Noticed Sigmund
  3754 | D:5      | Killed Sigmund
  3755 | D:5      | Reached skill level 11 in Ranged Weapons
  3755 | D:5      | Reached XP level 7. HP: 38/38 MP: 9/9
  3776 | D:5      | Reached skill level 12 in Ranged Weapons
  3948 | D:5      | Noticed Duvessa
  3949 | D:5      | Noticed Dowan
  3952 | D:5      | Killed Duvessa
  3953 | D:5      | Reached skill level 13 in Ranged Weapons
  3953 | D:5      | Reached XP level 8. HP: 43/43 MP: 10/10
  3953 | D:5      | Killed Dowan
  4032 | D:5      | Found a broken altar of Ashenzari.
  4135 | D:5      | Found a runed translucent door.
  4136 | D:5      | Noticed Crazy Yiuf
  4222 | D:5      | Reached * piety under Dithmenos
  5018 | D:6      | Noticed Maggie
  5023 | D:6      | Reached skill level 14 in Ranged Weapons
  5030 | D:6      | Killed Maggie
  5031 | D:6      | Reached skill level 15 in Ranged Weapons
  5140 | D:6      | Found a sand-covered staircase.
  5150 | Ossuary  | Entered an ossuary
  5158 | Ossuary  | Reached XP level 9. HP: 48/48 MP: 11/11
  5215 | Ossuary  | Reached skill level 16 in Ranged Weapons
  5512 | D:6      | Reached skill level 17 in Ranged Weapons
  5565 | D:6      | Reached ** piety under Dithmenos
  5635 | D:6      | Identified the +2 ring mail of the Sunfish {Dex+2}
  5638 | D:6      | Noticed Edmund
  5641 | D:6      | Killed Edmund
  6216 | D:7      | Reached skill level 18 in Ranged Weapons
  6276 | D:7      | Found an ancient bone altar of Kikubaaqudgha.
  6444 | D:7      | Reached XP level 10. HP: 54/54 MP: 12/12
  6568 | D:7      | Noticed Joseph
  6572 | D:7      | Killed Joseph
  6703 | D:7      | Noticed Prince Ribbit
  6705 | D:7      | Killed Prince Ribbit
  6736 | D:7      | Found a staircase to the Ecumenical Temple.
  6788 | Temple   | Entered the Ecumenical Temple
  6878 | D:8      | Reached skill level 5 in Fighting
  6878 | D:8      | Reached skill level 20 in Ranged Weapons
  6878 | D:8      | Reached XP level 11. HP: 63/63 MP: 13/13
  7020 | D:8      | Reached *** piety under Dithmenos
  7441 | D:8      | Found a staircase to the Lair.
  7782 | D:8      | Gained mutation: Your system is resistant to poisons.
                  | (rPois) [potion of mutation]
  7782 | D:8      | Gained mutation: You are strong-willed. (Will+) [potion of
                  | mutation]
  7782 | D:8      | Gained mutation: You have sharp toenails. [potion of
                  | mutation]
  7822 | Lair:1   | Entered Level 1 of the Lair of Beasts
  8143 | D:9      | Found an iron altar of Okawaru.
  8204 | D:9      | Reached **** piety under Dithmenos
  8384 | D:9      | Reached skill level 21 in Ranged Weapons
  8387 | D:9      | Found a hide-covered altar of Uskayaw.
  8872 | D:10     | Entered Level 10 of the Dungeon
  8878 | D:10     | Found a sacrificial altar of Ru.
  9133 | D:10     | Noticed a centaur warrior
  9133 | D:10     | Noticed a centaur warrior
  9133 | D:10     | Noticed a boulder beetle
  9149 | D:10     | Killed a centaur warrior
  9201 | D:10     | Killed a centaur warrior
  9202 | D:10     | Noticed an ogre mage
  9202 | D:10     | Noticed a deep elf pyromancer
  9202 | D:10     | Noticed an orc knight
  9298 | D:10     | Killed an orc knight
  9620 | D:10     | Paralysed by an ogre mage for 3 turns
  9628 | D:10     | Paralysed by something for 4 turns
  9639 | D:10     | Killed an ogre mage
  9640 | D:10     | Reached XP level 12. HP: 69/69 MP: 14/14
  9868 | D:10     | Noticed a four-headed hydra
  9872 | D:10     | Killed a four-headed hydra
  9873 | D:10     | Reached skill level 22 in Ranged Weapons
  9883 | D:10     | Killed a boulder beetle
  9884 | D:10     | Reached skill level 5 in Stealth
  9970 | D:10     | Noticed a tengu warrior
  9979 | D:10     | Killed a tengu warrior
 10278 | D:11     | Found a gate leading to a gauntlet.
 10278 | D:11     | Found Wakeriah's Magic Scroll Boutique.
 10292 | Gauntlet | Entered a Gauntlet
 10292 | Gauntlet | Noticed a death scarab
 10292 | Gauntlet | Found a transporter.
 10292 | Gauntlet | Found a transporter.
 10292 | Gauntlet | Found a transporter.
 10313 | Gauntlet | Found a transporter.
 10326 | Gauntlet | Found a transporter.
 10329 | Gauntlet | Found a transporter.
 10336 | Gauntlet | Found a transporter.
 10352 | Gauntlet | Noticed a death yak
 10352 | Gauntlet | Noticed a death yak
 10352 | Gauntlet | Noticed a death yak
 10353 | Gauntlet | Noticed a death yak
 10354 | Gauntlet | Noticed a death yak
 10355 | Gauntlet | Found a transporter.
 10369 | Gauntlet | Found a transporter.
 10372 | Gauntlet | Found a transporter.
 10383 | Gauntlet | Found a transporter.
 10383 | Gauntlet | Found a transporter.
 10461 | Gauntlet | Killed a death scarab
 10462 | Gauntlet | Reached skill level 10 in Dodging
 10822 | Gauntlet | Identified the ring of Geamiarr {Str+2 Int+6}
 10874 | Gauntlet | Noticed a minotaur
 10879 | Gauntlet | Killed a minotaur
 11193 | D:11     | Reached ***** piety under Dithmenos
 11462 | D:11     | Found a staircase to the Orcish Mines.
 11896 | D:12     | Reached skill level 23 in Ranged Weapons
 11900 | D:12     | Noticed a two-headed ogre
 11902 | D:12     | Killed a two-headed ogre
 12148 | D:12     | Found Axuenea's Assorted Antiques.
 12240 | D:12     | Bought a pair of blackened gloves for 209 gold pieces
 12240 | D:12     | Identified the +1 pair of gloves of Plog {Dex+4 Stlth+}
                  | (You bought it in a shop on level 12 of the Dungeon)
 12272 | D:12     | Reached XP level 13. HP: 74/74 MP: 15/15
 12503 | D:13     | Reached skill level 1 in Invocations
 13032 | D:13     | Mangled by a skeletal warrior

Illustrated notes

Levels and vault maps discovered:
D:1:      dpeg_arrival_arbitrary_b, layout_loops_corners, minmay_tetromino_s2
D:2:      layout_basic
D:3:      layout_basic, grunt_temple_overflow_forces_of_nature,
          ebering_ghost_rock_garden, gup_sewer_entry_pipe, minmay_pentomino_pile
D:4:      layout_cave_pools, minmay_overflow_temple_hex,
          minmay_misc_feat_rugged, hangedman_decor_points, uniq_blork_the_orc
D:5:      layout_loops_ring, general_overflow_altar, nrook_campfire,
          uniq_duvessa, uniq_crazy_yiuf_cottage, uniq_sigmund
D:6:      black_bear_nest_1, layout_basic, nicolae_ossuary_entry_monument,
          uniq_maggie, uniq_edmund
D:7:      cheibrodos_iron_armory, layout_loops_ring,
          mainiacjoe_overflow_catwalk, minmay_temple_entry_enclosed_plants,
          uniq_prince_ribbit1, uniq_joseph
D:8:      layout_loops_ring, hellmonk_lair_entry_icy
D:9:      layout_loops_ring, nicolae_uskayaw_dance_hall,
          mainiacjoe_overflow_cross_hatched, special_room [special_room_orc],
          minmay_between
D:10:     layout_loops_corners, nicolae_ru_awakened_eye, minivault_28
D:11:     layout_cave_pools, orc_0_dummy, gauntlet_entry_generic, serial_shops,
          nicolae_shop_temple_entry_statues_fountains,
          portal_ice_cave_demonic_guard
D:12:     layout_roguey, serial_shops, shop, grunt_ministairs_14
D:13:     cheibrodos_hippocracy, layout_basic,
          lightli_vaults_fourway_checkpoint, uniq_erolcha
Temple:   nicolae_temple_ecumenical_triangle
Lair:1:   layout_long_grid, gammafunk_ghost_split, basic_altar, minivault_27,
          st_stairs_8, chequers_serial_rivers_micro_b, serial_bayou_shore_b

Skill      XL: |  1  2  3  4  5  6  7  8  9 10 11 12 13 |
---------------+----------------------------------------+-----
Ranged Weapons | 6 7 8 9 11 13 15 18 20 21 23 | 23.4
Fighting       | 2 5 |  5.9
Dodging        | 3 7 9 11 | 11.2
Stealth        | 3 7 8 |  8.1
Invocations    | 2 |  2.0

Action                   |  1- 3 |  4- 6 |  7- 9 | 10-12 | 13-15 || total
-------------------------+-------+-------+-------+-------+-------++-------
 Fire: Shortbow          |    61 |       |       |       |       ||    61
       Arbalest          |    16 |    60 |   186 |   344 |    51 ||   657
Invok: Shadow Step       |       |       |       |       |     1 ||     1
Evoke: Wand              |       |       |       |     1 |       ||     1
  Use: Scroll            |     6 |     1 |     9 |    15 |     4 ||    35
       Potion            |       |       |     1 |    10 |     2 ||    13
Armor: Leather armour    |     3 |    11 |    18 |       |       ||    32
       Ring mail         |       |       |     1 |    26 |     5 ||    32
Dodge: Dodged            |     9 |     8 |    47 |   137 |    43 ||   244

Table legend: (Time is in decaauts)
 A = Elapsed time spent in this place.
 B = Non-inter-level travel time spent in this place.
 C = Inter-level travel time spent in this place.
 D = Time resting spent in this place.
 E = Time spent auto-exploring this place.
 F = Levels seen in this place.
 G = Mean time per level.
                   A        B        C        D        E       F      G
               +--------+--------+--------+--------+--------+-----+--------+
         Total |  13080 |  11704 |   1376 |   1187 |   8215 |  17 |  769.4 |
       Dungeon |  12014 |  10638 |   1376 |    817 |   7812 |  13 |  924.2 |
        Temple |     28 |     28 |      0 |      0 |     18 |   1 |   28.0 |
          Lair |      1 |      1 |      0 |      0 |      0 |   1 |    1.0 |
       Ossuary |    314 |    314 |      0 |    130 |    100 |   1 |  314.0 |
      Gauntlet |    721 |    721 |      0 |    240 |    284 |   1 |  721.0 |
               +--------+--------+--------+--------+--------+-----+--------+

Top non-repeatable levels by time:
    D:10: 1492 daAuts
     D:5: 1284 daAuts
     D:3: 1119 daAuts
    D:12: 1040 daAuts
     D:9: 1021 daAuts
     D:1: 999 daAuts
     D:2: 996 daAuts
     D:8: 979 daAuts
     D:6: 865 daAuts
Gauntlet: 721 daAuts
     D:4: 696 daAuts
     D:7: 650 daAuts
    D:11: 620 daAuts
 Ossuary: 314 daAuts
    D:13: 248 daAuts
